cohdb
Replays
Latest Replays
All Replays
Popular Replays
Top Player Replays
Match Explorer
How It Works
Community
CoH3 Stats
Reddit
Sign in to upload your games and track your stats! →
Sign in with Steam
Match 44818271
Unlisted
Match 44818271
Overview
Messages
Build Orders
End
Kradschützen Motorcycle Team
Panzergrenadier Squad
Selects Italian Infantry
Panzergrenadier Squad
Construct Light Support Kompanie
Panzerjäger Squad
MG34 Team
Panzerjäger Mechanized Group
Fire Support Elements
Selects Guastatori Squad
Flakvierling Half-track
le.IG 18 Support Gun Team
2.5-tonne Medical Truck
Assault Mechanized Group
Selects Registered Artillery
Selects Defensive Operations
Pak 38 Anti-tank Gun Team
Gwangju's Hero Chun Doo-gwang
감귤
FooKilla
corncobber5
0
0
Comments
sign in to comment!
No comments posted yet!